cohdb
Replays
Latest Replays
All Replays
Popular Replays
Top Player Replays
Match Explorer
How It Works
Community
CoH3 Stats
Reddit
Sign in to upload your games and track your stats! →
Sign in with Steam
Match 42559322
Unlisted
Match 42559322
Overview
Messages
Build Orders
End
Construct Infanterie Kompanie
MG 42 Machine Gun Team
Sniper
Grenadier Squad
Grenadier Squad
Construct Luftwaffe Kompanie
Medical Station
Selects Mechanized Battlegroup
Selects Raid Package
Pioneer Squad
Construct Panzer Kompanie
Stoßtruppen Squad
Stoßtruppen Squad
Selects StuG Assault Group
Selects UNKNOWN (2160084)
Pioneer Squad
Pioneer Squad
Panther Heavy Tank
Forward Retreat Point
Selects Mobile Repair Stations
Medical Bunker
Pioneer Squad
Pioneer Squad
AI Takeover
L like Léon
???????????????????????????
simranjitsingh713
ggbilli
FireFang
ドルーギー
ElakeFisk
MY:OATZ
0
0
Comments
sign in to comment!
No comments posted yet!